 Dungeon Crawl Stone Soup version 0.29.0-5-ge4962eb29e (webtiles) character file.

Game seed: 10174850922545300939

116 ragingrage the Poker (level 4, -1/33 HPs)
             Began as a Minotaur Wanderer on Aug 29, 2022.
             Slain by Blork the centaur
             ... wielding a +0 battleaxe
              (13 damage)
             ... on level 4 of the Dungeon.
             The game lasted 00:02:53 (2332 turns).

ragingrage the Poker (Minotaur Wanderer)            Turns: 2332, Time: 00:02:54

Health: -1/33      AC:  5    Str: 18    XL:     4   Next: 69%
Magic:  3/3        EV: 10    Int:  6    God:
Gold:   204        SH:  0    Dex: 13    Spells: 3/3 levels left

rFire   . . .      SeeInvis .   a - +2 spear
rCold   . . .      Faith    +   (no shield)
rNeg    . . .      Spirit   .   j - +0 ring mail
rPois   .          Reflect  .   (helmet restricted)
rElec   .          Harm     .   (no cloak)
rCorr   .          Rampage  .   (no gloves)
Will    +....                   (no boots)
Stlth   +.........              g - amulet of faith
HPRegen 0.11/turn               k - ring of willpower
MPRegen 0.08/turn               (no ring)

@: no status effects
A: horns 2, retaliatory headbutt
a: no special abilities


You were on level 4 of the Dungeon.
You visited 1 branch of the dungeon, and saw 4 of its levels.

You collected 204 gold pieces.

Inventory:

Hand Weapons
 a - a +2 spear (weapon)
 o - a +0 war axe
Missiles
 r - 4 silver javelins
 w - 4 boomerangs
Armour
 j - a +0 ring mail (worn)
Jewellery
 e - a ring of flight
 g - an amulet of faith (around neck)
 k - a ring of willpower (left hand)
 v - an amulet of the acrobat
Wands
 c - a wand of polymorph (4) (quivered)
Scrolls
 b - 3 scrolls of enchant weapon {unknown}
 i - 3 scrolls of identify {unknown}
 l - a scroll of blinking {unknown}
 n - a scroll of torment {unknown}
 q - a scroll of vulnerability {unknown}
 s - a scroll of enchant armour {unknown}
 t - 2 scrolls of immolation {unknown}
 u - a scroll of fear {unknown}
Potions
 d - 2 potions of brilliance
 f - a potion of curing
 h - a potion of mutation {unknown}
 m - a potion of degeneration {unknown}
 p - a potion of might {unknown}


   Skills:
 - Level 2.1 Short Blades
 + Level 6.6 Polearms
 - Level 1.2 Armour
 - Level 1.0 Invocations
 - Level 2.6 Evocations


You had 3 spell levels left.
You didn't know any spells.
Your spell library contained the following spells:

 Spells                   Type           Power      Damage    Failure   Level
 Portal Projectile        Hex/Tloc       0%         N/A       95%         3
 Tukima's Dance           Hex            0%         N/A       95%         3
 Blade Hands              Tmut           0%         N/A       100%        5


Dungeon Overview and Level Annotations

Branches:
Dungeon (4/15)
 Temple: D:4-7

Altars:

Annotations:
D:2 exclusion: downstairs
D:3 Sigmund
D:4 Blork the orc


Innate Abilities, Weirdness & Mutations

You have a pair of horns on your head.
You reflexively headbutt those who attack you in melee.


Message History

Blork the orc attacks as you move away!
Blork the orc hits you with a +0 battleaxe!
Blork the orc closely misses you.
Aiming: Polymorph
Press: ? - help, Shift-Dir - straight line, f - Blork the orc
Aim: Blork the orc, wielding a +0 battleaxe and wearing a +0 robe (fast, will become a giant cockroach, a jelly, or a centaur, chance to affect: 55%) Blork the orc resists with significant effort.
Blork the orc barely misses you.
Aiming: Polymorph
Press: ? - help, Shift-Dir - straight line, f/p - Blork the orc
Aim: Blork the orc, wielding a +0 battleaxe and wearing a +0 robe (fast, will become a giant cockroach, a jelly, or a centaur, chance to affect: 55%) Blork the orc evaporates and reforms as a centaur!
Blork picks up a +0 battleaxe.
Blork wields a +0 battleaxe.
You barely miss Blork.
Blork picks up a +0 robe.
Blork wears a +0 robe.
Blork picks up a cyan potion.
You hit Blork.
Blork is moderately wounded.
You completely miss Blork.
Blork is moderately wounded.
The hound pauses to sniff the ground.
You hit Blork. Your headbutt misses Blork.
Blork is moderately wounded.
Blork closely misses you. Blork misses you.
You hit Blork.
Blork is heavily wounded.
Blork hits you with a +0 battleaxe! Blork barely misses you.
You hit Blork but do no damage.
Blork is heavily wounded.
Blork barely misses you. Blork closely misses you.
Blork hits you but does no damage. Blork kicks you.
You hit Blork but do no damage. Your headbutt misses Blork.
Blork is heavily wounded.
Blork hits you with a +0 battleaxe!
* * * LOW HITPOINT WARNING * * *
Blork barely misses you.
You hit Blork.
Blork is severely wounded.
Blork drinks a potion.
Blork is healed!
It was a potion of curing.
You feel better. Blork hits you with a +0 battleaxe!
You die...

## #.##### ###
#...K######### ##..
#.KBc@...>..#######...
#..h#######...........
#####.# ####.####.<.
#....B# #.# ##..
#.....# #.# ##.
#............. #.# #.
#.#K#...###### #.# #.
#h..#.#.# #.# #. ....
....# #.# #.


You could see Blork the centaur, a hound, a giant cockroach and 2 kobolds.

Vanquished Creatures
  An orc wizard (D:3)
  Robin (D:2)
  An adder (D:2)
  2 worms (D:2)
  2 dart slugs
  5 orcs (D:3)
  2 bats (D:2)
  3 endoplasms
  3 giant cockroaches
  7 hobgoblins
  2 kobolds (D:1)
  2 quokkas
  5 ball pythons
  4 frilled lizards
  11 goblins
  5 rats
56 creatures vanquished.

Notes
Turn   | Place    | Note
-------+----------+-------------------------------------------
     0 | D:1      | ragingrage the Minotaur Wanderer began the quest for the
                  | Orb.
     0 | D:1      | ragingrage set off with the following items: a +2 spear, a
                  | +0 short sword, a wand of polymorph (6), a potion of
                  | brilliance, a +0 leather armour.
     0 | D:1      | Reached XP level 1. HP: 14/14 MP: 0/0
   119 | D:1      | Reached skill level 4 in Polearms
   180 | D:1      | Found a faded altar of an unknown god.
   199 | D:1      | Reached XP level 2. HP: 19/20 MP: 1/1
   662 | D:2      | Reached skill level 5 in Polearms
   723 | D:2      | Reached XP level 3. HP: 26/26 MP: 2/2
  1498 | D:3      | Noticed Robin
  1553 | D:3      | Noticed Sigmund
  1557 | D:2      | Killed Robin
  1558 | D:2      | Reached skill level 6 in Polearms
  1558 | D:2      | Reached XP level 4. HP: 33/33 MP: 3/3
  2313 | D:4      | Noticed Blork the orc
  2323 | D:4      | Noticed Blork
  2323 | D:4      | Blork the orc changed into Blork the centaur
  2332 | D:4      | Slain by Blork the centaur

Illustrated notes

Levels and vault maps discovered:
D:1:      amcnicky_arrival_single_pillar, layout_basic,
          chequers_ecumenical_altar_simple_redux
D:2:      minmay_angry_zag, layout_basic, nicolae_underground_beach
D:3:      layout_loops_ring, grunt_decor_junction, chequers_avenue,
          minmay_misc_feat_five, uniq_sigmund, uniq_robin
D:4:      nicolae_cairo_tiling_large_dashed, layout_loops_ring,
          minmay_temple_entry_offerings, uniq_duvessa, uniq_blork_the_orc,
          uniq_ijyb, uniq_grinder, uniq_eustachio

Skill      XL: |  1  2  3 |
---------------+----------+-----
Polearms       | 4 5 6 |  6.6
Short Blades   | |  2.1
Armour         | |  1.2
Invocations    | |  1.0
Evocations     | |  2.6

Action                   |  1- 3 |  4- 6 || total
-------------------------+-------+-------++-------
Melee: Spear             |   100 |    29 ||   129
       Headbutt          |    13 |     5 ||    18
       Punch             |     1 |       ||     1
Evoke: Wand              |       |     2 ||     2
  Use: Potion            |       |     1 ||     1
Armor: Leather armour    |     2 |       ||     2
       Ring mail         |    19 |     5 ||    24
Dodge: Dodged            |    35 |    14 ||    49
